 Dungeon Crawl Stone Soup version 0.30-a0-1043-g60ff8d5f49 (webtiles) character file.

Game seed: 6504083374453517431

54 Pimp the Digger (level 3, -1/19 HPs)
             Began as a Gargoyle Earth Elementalist on Apr 10, 2023.
             Slain by Crazy Yiuf
             ... wielding a +3 quarterstaff of chaos
              (16 damage)
             ... on level 2 of the Dungeon.
             The game lasted 00:06:37 (1994 turns).

Pimp the Digger (Gargoyle Earth Elementalist)       Turns: 1994, Time: 00:06:38

Health: -1/19      AC:  5    Str: 14    XL:     3   Next: 91%
Magic:  3/6        EV: 17    Int: 17    God:
Gold:   90         SH:  0    Dex: 10    Spells: 5/6 levels left

rFire   . . .      SeeInvis .    l - +5 hammer "Bipliost" {venom, Str+3}
rCold   . . .      Faith    .    (no shield)
rNeg    + . .      Spirit   .    a - +0 robe
rPois   ∞          Reflect  .    (no helmet)
rElec   +          Rampage  .    (no cloak)
rCorr   .                        (no gloves)
Will    .....                    (no boots)
Stlth   ++                       (no amulet)
HPRegen 0.23/turn                h - +5 ring of evasion
MPRegen 0.10/turn                (no ring)

@: no status effects
A: sickness immunity, AC +3, negative energy resistance 1, electricity
resistance, torment resistance 1, petrification resistance
a: no special abilities


You were on level 2 of the Dungeon.
You visited 1 branch of the dungeon, and saw 2 of its levels.

You collected 90 gold pieces.

Inventory:

Hand Weapons
 d - a +3 heavy hammer
 l - the +5 hammer "Bipliost" (weapon) {venom, Str+3}
   (You found it on level 2 of the Dungeon)

   Str:       It affects your strength (+3).
 m - the +2 hammer "Pimp's Death" {vamp, rPois Int+2 Dex+4}
   (You found it on level 2 of the Dungeon)

   Int:       It affects your intelligence (+2).
   Dex:       It affects your dexterity (+4).
   rPois:     It protects you from poison.
Armour
 a - a +0 robe (worn)
Jewellery
 h - a +5 ring of evasion (left hand)
Scrolls
 i - a scroll of teleportation
Potions
 b - 2 potions of magic
 c - a potion of brilliance {unknown}
 e - 2 potions of lignification
 g - a potion of might {unknown}
 k - 2 potions of flight {unknown}


   Skills:
 + Level 0.0 Maces & Flails
 + Level 2.0 Dodging
 + Level 2.8 Stealth
 + Level 2.4 Spellcasting
 + Level 1.4 Transmutations
 + Level 4.1 Earth Magic


You had 5 spell levels left.
You knew the following spells:

 Your Spells              Type           Power      Damage    Failure   Level
a - Sandblast             Erth           32%        2d9       3%          1

Your spell library contained the following spells:

 Spells                   Type           Power      Damage    Failure   Level
 Passwall                 Tmut/Erth      9%         N/A       9%          2
 Stone Arrow              Conj/Erth      18%        3d8       24%         3
 Gell's Gravitas          Tloc           2%         N/A       50%         3
 Teleport Other           Tloc           2%         N/A       50%         3
 Petrify                  Tmut/Erth      11%        N/A       52%         4
 Dispersal                Tloc           1%         N/A       100%        6


Dungeon Overview and Level Annotations

Branches:
Dungeon (2/15)

Altars:
Okawaru

Annotations:
D:2 Crazy Yiuf


Innate Abilities, Weirdness & Mutations

You are immune to sickness and miasma.
Your stone body is resilient. (AC +3)
You are immune to poison.
You resist negative energy. (rN+)
You are resistant to electric shocks. (rElec)
You are resistant to unholy torment.
You are immune to petrification.


Message History

You see here a +0 hammer.
You see here a +0 hammer.
You see here a +0 hammer.
You see here a +0 hammer.
You see here a +0 hammer.
You see here a +0 hammer.
Crazy Yiuf shouts!
You see here a +0 hammer.
You open the door.
Casting: Sandblast (safe; 3% risk of failure)
Confirm with . or Enter, or press ? or * to list all spells.
Aiming: Sandblast (safe; 3% risk of failure)
Press: ? - help, Shift-Dir - straight line, f - Crazy Yiuf
Aim: Crazy Yiuf, wielding a +3 quarterstaff of chaos and wearing a +0 cloak (84% to hit)
The blast of sand hits Crazy Yiuf but does no damage.
Crazy Yiuf says, "Buddy!"
You sock Crazy Yiuf!
Crazy Yiuf looks as sick as possible!
Crazy Yiuf is heavily wounded.
Crazy Yiuf drinks a potion.
Crazy Yiuf is healed!
Crazy Yiuf barely misses you.
You sock Crazy Yiuf!
Crazy Yiuf looks as sick as possible!
Crazy Yiuf is moderately wounded.
Crazy Yiuf misses you.
You barely miss Crazy Yiuf.
Crazy Yiuf is severely wounded.
Crazy Yiuf hits you with a +3 quarterstaff of chaos.
You feel your power leaking away.
Crazy Yiuf drinks a potion.
Crazy Yiuf is healed!
You barely miss Crazy Yiuf. Crazy Yiuf barely misses you.
You barely miss Crazy Yiuf.
Crazy Yiuf is lightly wounded.
Crazy Yiuf barely misses you.
You hit Crazy Yiuf.
Crazy Yiuf is heavily wounded.
Crazy Yiuf says, "Cake bush tired!"
Crazy Yiuf misses you. x2
You hit Crazy Yiuf.
Crazy Yiuf looks as sick as possible!
Crazy Yiuf is severely wounded.
Crazy Yiuf hits you with a +3 quarterstaff of chaos!
Ouch! That really hurt!
You die...

...........)........##...........
##+#.#.#.......................#.
.....#.#....#.##.##..............
.....#.#.################..####..
.........# #..####.. ##.#.#.###
♣♣♣♣♣##.......# ...#.#...#
###**♣♣♣.♣).))......## ##.....###
#)))#♣))♣))P)))....##. ##.......#
#.))g@♣♣♣♣)P))....##.. ##.......#
#)))#♣♣ ♣♣.).).###... ##.......#
###** ♣♣##..##.... .........#
####8.... ##.......# #.>#....~
.........#################.#....~
######...............#.#.#.#...~~
......<................#.#.#....~
.......................#.#.#....~


You could see Crazy Yiuf (extremely poisoned).

Vanquished Creatures
  2 dart slugs (D:1)
  5 ball pythons
  7 endoplasms
  3 giant cockroaches (D:1)
  2 goblins
  5 hobgoblins
  5 jackals (D:2)
  4 kobolds
  A quokka (D:1)
  4 bats
  2 frilled lizards
  2 rats
42 creatures vanquished.

Vanquished Creatures (others)
  A fungus (D:2)
1 creature vanquished.

Grand Total: 43 creatures vanquished

Notes
Turn   | Place    | Note
-------+----------+-------------------------------------------
     0 | D:1      | Pimp the Gargoyle Earth Elementalist began the quest for
                  | the Orb.
     0 | D:1      | Reached XP level 1. HP: 10/10 MP: 3/3
   229 | D:1      | Reached skill level 1 in Transmutations
   229 | D:1      | Reached XP level 2. HP: 10/15 MP: 0/5
   825 | D:1      | Reached XP level 3. HP: 19/19 MP: 1/6
  1156 | D:2      | Reached skill level 4 in Earth Magic
  1415 | D:2      | Found an iron altar of Okawaru.
  1587 | D:2      | Found a faded altar of an unknown god.
  1933 | D:2      | Identified the +5 hammer "Bipliost" {venom, Str+3}
  1941 | D:2      | Found a runed translucent door.
  1941 | D:2      | Identified the +2 hammer "Pimp's Death" {vamp, rPois Int+2
                  | Dex+4}
  1942 | D:2      | Noticed Crazy Yiuf
  1994 | D:2      | Slain by Crazy Yiuf

Illustrated notes

Levels and vault maps discovered:
D:1:      tarquinn_simple_flora_water_a, layout_loops_ring,
          chequers_serial_rivers_small_3, minmay_misc_feat_secret_circle,
          minmay_misc_feat_roman
D:2:      layout_basic, basic_altar, ebering_ecumenical_altar_box,
          kennysheep_donut, uniq_crazy_yiuf_cottage

Skill      XL: |  1  2  3 |
---------------+----------+-----
Transmutations | 1 |  1.4
Earth Magic    | 4 |  4.1
Dodging        | 2 |  2.0
Stealth        | |  2.8
Spellcasting   | |  2.4

Action                     || total
---------------------------++-------
  Melee: Unarmed           ||    50
         Mace              ||     7
   Cast: Sandblast         ||    54
    Use: Scroll            ||     4
   Stab: Sleeping          ||     5
 Armour: Robe              ||    33
  Dodge: Dodged            ||   106

Table legend: (Time is in decaauts)
 A = Elapsed time spent in this place.
 B = Non-inter-level travel time spent in this place.
 C = Inter-level travel time spent in this place.
 D = Time resting spent in this place.
 E = Time spent auto-exploring this place.
 F = Levels seen in this place.
 G = Mean time per level.
                   A        B        C        D        E       F      G
               +--------+--------+--------+--------+--------+-----+--------+
         Total |   2032 |   1939 |     93 |    182 |   1321 |   2 | 1016.0 |
       Dungeon |   2032 |   1939 |     93 |    182 |   1321 |   2 | 1016.0 |
               +--------+--------+--------+--------+--------+-----+--------+

Top non-repeatable levels by time:
     D:1: 1146 daAuts
     D:2: 885 daAuts
